 Dungeon Crawl Stone Soup version 0.29.1-12-g30fa7ad0bf (webtiles) character file.

Game seed: 8534371727359454169

145650 cheesebisquit the Warrior (level 16, -13/247 HPs)
             Began as a Minotaur Berserker on Jan 7, 2023.
             Was a High Priest of Trog.
             Mangled by a spark wasp (16 damage)
             ... led by a torpor snail
             ... on level 3 of the Spider Nest.
             The game lasted 02:26:58 (28752 turns).

cheesebisquit the Warrior (Minotaur Berserker)     Turns: 28752, Time: 02:26:59

Health: -13/247    AC: 33    Str: 47    XL:     16   Next: 87%
Magic:  15/15      EV: 12    Int:  7    God:    Trog [*****.]
Gold:   710        SH:  5    Dex: 12    Spells: 15/15 levels left

rFire   . . .      SeeInvis +   a - +1 executioner's axe (vorpal)
rCold   . . .      Faith    .   (shield currently unavailable)
rNeg    . . .      Spirit   .   Z - +4 plate armour
rPois   +          Reflect  +   (helmet restricted)
rElec   .          Harm     +   x - +2 cloak of Indemnity {+Inv Int+3 SInv Stlth+}
rCorr   +          Rampage  .   u - +2 pair of gloves {Str+3}
Will    ++...                   Y - +0 pair of boots {Fly}
Stlth   ..........              d - amulet of Conflict {Reflect Harm Will- rCorr Str+10 SH+5}
HPRegen 1.51/turn               f - ring of poison resistance
MPRegen 0.14/turn               j - +6 ring of strength

@: berserking, strong-willed, flying, regenerating, very quick
A: horns 2, retaliatory headbutt
a: Renounce Religion, Evoke Invisibility, Berserk, Trog's Hand, Brothers in Arms


You were on level 3 of the Spider Nest.
You worshipped Trog.
Trog was extremely pleased with you.
You visited 4 branches of the dungeon, and saw 26 of its levels.

You collected 2599 gold pieces.
You spent 1889 gold pieces at shops.

Inventory:

Hand Weapons
 a - a +1 vorpal executioner's axe (weapon)
 b - a +8 battleaxe of flaming
 c - a +0 sling of freezing
Missiles
 g - 142 stones
 o - 8 curare-tipped darts
 q - 4 atropa-tipped darts
 L - 18 poisoned darts
 X - 3 throwing nets
Armour
 u - a +2 pair of gloves of strength (worn)
 x - the +2 cloak of Indemnity (worn) {+Inv Int+3 SInv Stlth+}
   (You bought it in a shop on level 2 of the Orcish Mines)

   Int:       It affects your intelligence (+3).
   SInv:      It lets you see invisible.
   +Inv:      It lets you turn invisible.
   Stlth:     It makes you more stealthy.
 Y - a +0 pair of boots of flying (worn)
 Z - a +4 plate armour (worn)
Jewellery
 d - the amulet of Conflict (around neck) {Reflect Harm Will- rCorr Str+10 SH+5}
   (You bought it in a shop on level 2 of the Orcish Mines)

   [amulet of reflection]

   It reflects blocked missile attacks.
   Str:       It affects your strength (+10).
   rCorr:     It protects you from acid and corrosion.
   SH:        It affects your SH (+5).
   Harm:      It increases damage dealt and taken.
   Will:      It decreases your willpower.
 e - the ring of Shadows {Umbra +Inv Stlth+}
   (You found it on level 2 of the Lair of Beasts)

   [ring of stealth]

   It surrounds you with an aura of shadow, increasing your stealth and reducing
   the accuracy of all others within it.
   +Inv:      It lets you turn invisible.
   Stlth:     It makes you more stealthy.
 f - a ring of poison resistance (left hand)
 j - a +6 ring of strength (right hand)
 F - an amulet of regeneration
 G - a ring of protection from fire
 O - a ring of willpower
 Q - a ring of see invisible
Wands
 n - a wand of polymorph (19)
 w - a wand of paralysis (44)
 B - a wand of digging (9)
 C - a wand of mindburst (6)
 N - a wand of roots (35)
 T - a wand of flame (9)
Scrolls
 k - 8 scrolls of poison
 p - 2 scrolls of summoning
 s - 2 scrolls of torment
 y - 3 scrolls of butterflies
 z - 3 scrolls of vulnerability
 A - 3 scrolls of silence
 E - 12 scrolls of teleportation
 J - 2 scrolls of immolation
 M - 5 scrolls of blinking
 P - 6 scrolls of fear
 R - a scroll of magic mapping
Potions
 h - 8 potions of mutation
 i - 8 potions of might
 l - 6 potions of haste
 m - 2 potions of magic
 r - 2 potions of ambrosia
 t - 3 potions of berserk rage
 v - 8 potions of attraction
 D - 3 potions of resistance
 H - a potion of invisibility
 I - 4 potions of heal wounds
 K - 2 potions of curing
 S - a potion of cancellation
 V - a potion of lignification


   Skills:
 + Level 20.7 Fighting
 + Level 20.7 Axes
 - Level 3.2 Throwing
 + Level 20.6 Armour
 + Level 6.2 Dodging
 - Level 2.9 Evocations


You had 15 spell levels left.
You didn't know any spells.
Your spell library was empty.

Dungeon Overview and Level Annotations

Branches:
Dungeon (15/15)            Temple (0/1) D:6            Lair (5/5) D:10
 Shoals (0/4) Lair:2       Spider (4/4) Lair:2        Slime (0/5) Lair:5
    Orc (2/2) D:12            Elf (0/3) Orc:2        Vaults (0/5) D:14
 Depths (0/4) D:15

Altars:
Cheibriados
Gozag
Nemelex Xobeh
Okawaru
Trog
Jiyva
Lugonu

Shops:
D:1 [   D:8 (   D:9 [   Orc:2 =*=[(

Portals:
Abyss: Lair:5

Annotations:
D:13 3 runed translucent doors, SirLogeyBear's ghost, journeyman HOBe


Innate Abilities, Weirdness & Mutations

You have a pair of horns on your head.
You reflexively headbutt those who attack you in melee.


Message History

The wolf spider bites you but does no damage.
The wolf spider hits you!
* * * LOW HITPOINT WARNING * * *
The wolf spider bites you.
* * * LOW HITPOINT WARNING * * *
The culicivora bites you but does no damage.
You block the radroach's attack.
The radroach claws you but does no damage.
You slice the radroach!!
The radroach is heavily wounded.
You slash the jumping spider! You slice the tarantella!!
You feel the power of Trog in you as your rage grows.
You kill the tarantella!
Trog accepts your kill.
You miss the culicivora. You hit the spark wasp. You hit the wolf spider.
You slice the wolf spider!!
The jumping spider leaps!
The wolf spider hits you.
* * * LOW HITPOINT WARNING * * *
The wolf spider bites you.
* * * LOW HITPOINT WARNING * * *
The wolf spider hits you!
* * * LOW HITPOINT WARNING * * *
You block the wolf spider's attack.
The culicivora bites you but does no damage.
The spark wasp stings you!!
* * * LOW HITPOINT WARNING * * *
The spark wasp shocks you!
* * * LOW HITPOINT WARNING * * *
You are too berserk!
You slice the radroach!!
The radroach is severely wounded.
You slice the culicivora!!
You kill the culicivora!
Trog accepts your kill.
You slice the spark wasp!! You slash the wolf spider!
You slice the wolf spider!!
You kill the wolf spider!
Trog accepts your kill.
The radroach bites you but does no damage.
The radroach closely misses you. The spark wasp stings you!
You die...

....###..^#.#†.^##.........#.....
...#####.####...##.........##....
...#..#######....###........###..
...........#.......#........^^#^#
#..........#^......#..........###
##......#####......#.............
#....)^.#..###....#.............
##.##........^#†y†##.............
.###...<......#B@†............^..
.#####[........[s○..####.........
.##.###.........^..##..##........
.....####....#######....##.......
.....# ##^###>..##.^....#.......
.....# ###............##.......
....## ##.............#........
....# #.^.##.^.#....^######...
...## #...######....##.#^^##..


You could see a radroach, a spark wasp and a wolf spider.

Vanquished Creatures
  Arachne (Spider:2)
  Rupert (D:15)
  Kirke (Lair:4)
  Roxanne (D:15)
  Donald (Spider:1)
  2 ghost moths
  2 orc warlords (Orc:2)
  Aizul (Spider:1)
  An emperor scorpion (Spider:2)
  A broodmother (Spider:3)
  Nessos (Lair:4)
  2 entropy weavers (Spider:2)
  Snorg (D:11)
  2 vault guards (D:14)
  Harold (Orc:1)
  5 boulder beetles
  7 hydras
  2 catoblepae
  3 two-headed ogres
  A radroach (Spider:2)
  A jorogumo (Spider:3)
  3 centaur warriors
  5 tengu warriors
  3 death yaks (Lair:1)
  6 orc high priests (Orc:2)
  3 thrashing horrors (Lair:5)
  Sonja (D:12)
  Amaemon (D:11)
  Nergalle (D:11)
  A sea snake (shapeshifter) (Lair:5)
  A sun moth (Spider:2)
  6 pharaoh ants
  A fire crab (Lair:4)
  6 steelbarb worms
  A deep elf archer (Orc:2)
  A bog body (Lair:1)
  2 orb spiders (Spider:3)
  4 orc knights
  3 wizards
  4 deep elf pyromancers
  2 wolf spider zombies (D:15)
  A deep elf zephyrmancer (Orc:2)
  3 necromancers
  11 ugly things
  3 manticores
  An oklob plant (Lair:2)
  8 orc sorcerers
  7 wolf spiders
  6 cyclopes
  2 moths of wrath
  A merfolk siren (Lair:2)
  9 elephants (Lair:4)
  A centaur zombie (D:15)
  3 ice statues
  Joseph (D:7)
  2 torpor snails
  A smoke demon (Lair:5)
  4 demonic crawlers
  3 black mambas (Lair:5)
  An orange demon (D:11)
  An unseen horror (D:10)
  2 kobold demonologists (D:11)
  11 cane toads
  11 komodo dragons
  An unseen horror (shapeshifter) (D:13)
  An efreet (D:15)
  A freezing wraith (D:14)
  7 rime drakes
  9 ice devils
  A yaktaur (D:15)
  An ancient zyme (Lair:5)
  2 tengu conjurers
  A meliai (Spider:3)
  6 trolls
  16 slime creatures
  5 polar bears
  16 tarantellas
  6 hornets
  13 blink frogs (Lair:5)
  15 dream sheep (Lair:5)
  25 jumping spiders
  A vampire (D:12)
  9 culicivoras
  A dire elephant simulacrum (Lair:1)
  2 ynoxinuls (Lair:5)
  2 wyverns
  A wraith (D:10)
  41 yaks
  3 basilisks
  A fire bat (Lair:2)
  A fire elemental (Lair:2)
  18 humans (D:14)
  A steam dragon (D:8)
  6 hogs (Lair:4)
  2 chaos spawn (Lair:5)
  7 wargs (Orc:2)
  17 vampire mosquitoes
  50 redbacks
  2 acid dragons
  2 hell hounds (Lair:2)
  5 large abominations (Lair:5)
  15 water moccasins
  26 orc warriors
  An ice beast (D:5)
  A sky beast (D:8)
  A black bear (D:5)
  An ice beast (shapeshifter) (D:14)
  9 centaurs
  9 ogres
  9 wolves
  A kobold brigand (D:11)
  15 bullfrogs
  A two-headed ogre simulacrum (Lair:1)
  A necrophage (D:5)
  2 scorpions
  12 small abominations (Lair:5)
  3 jellies
  3 electric eels
  7 orc priests
  Crazy Yiuf (D:2)
  5 hounds
  4 iguanas
  Terence (D:2)
  Natasha (thrice) (D:4)
  19 orc wizards
  A spriggan simulacrum (Lair:1)
  4 gnolls (D:8)
  15 adders
  4 white imps
  5 ufetubi
  4 dart slugs
  52 orcs
  5 endoplasms
  3 giant cockroaches
  5 goblins
  8 hobgoblins
  3 jackals (D:2)
  10 kobolds
  2 quokkas
  5 ball pythons
  7 bats
  2 frilled lizards
  6 rats
  A bush (Lair:5)
  2 plants
778 creatures vanquished.

Vanquished Creatures (collateral kills)
  A wolf spider (Spider:3)
  A meliai (Spider:3)
2 creatures vanquished.

Vanquished Creatures (others)
  61 fungi
  42 plants
  9 withered plants (D:1)
112 creatures vanquished.

Grand Total: 892 creatures vanquished

Notes
Turn   | Place    | Note
-------+----------+-------------------------------------------
     0 | D:1      | cheesebisquit the Minotaur Berserker began the quest for
                  | the Orb.
     0 | D:1      | Reached XP level 1. HP: 19/19 MP: 0/0
   442 | D:1      | Reached XP level 2. HP: 27/27 MP: 1/1
   582 | D:1      | Found Ofeniy's Antique Armour Emporium.
  1116 | D:1      | Found a faded altar of an unknown god.
  1317 | D:2      | Reached XP level 3. HP: 33/33 MP: 2/2
  1391 | D:2      | Reached ** piety under Trog
  1392 | D:2      | Reached skill level 5 in Axes
  1791 | D:2      | Reached XP level 4. HP: 40/40 MP: 3/3
  2286 | D:2      | Found a runed translucent door.
  2287 | D:2      | Noticed Crazy Yiuf
  2374 | D:2      | Noticed Terence
  2382 | D:2      | Killed Terence
  2383 | D:2      | Reached XP level 5. HP: 46/46 MP: 4/4
  2662 | D:2      | Killed Crazy Yiuf
  3850 | D:4      | Noticed Natasha
  3853 | D:4      | Killed Natasha
  3854 | D:4      | Reached XP level 6. HP: 52/52 MP: 5/5
  3933 | D:4      | Noticed Natasha
  3939 | D:4      | Killed Natasha
  4102 | D:5      | Entered Level 5 of the Dungeon
  4276 | D:5      | Noticed an ice beast
  4282 | D:5      | Killed an ice beast
  4367 | D:5      | Reached XP level 7. HP: 45/58 MP: 6/6
  4468 | D:5      | Reached skill level 10 in Axes
  4677 | D:5      | Reached *** piety under Trog
  4816 | D:5      | Reached XP level 8. HP: 60/66 MP: 7/7
  5520 | D:1      | Bought a pair of embroidered boots for 172 gold pieces
  5809 | D:6      | Found an opulent altar of Gozag.
  5815 | D:6      | Found a snail-covered altar of Cheibriados.
  5983 | D:6      | Found a staircase to the Ecumenical Temple.
  6284 | D:7      | Reached XP level 9. HP: 47/71 MP: 8/8
  6559 | D:7      | Found an iron altar of Okawaru.
  6563 | D:7      | Found a sparkling altar of Nemelex Xobeh.
  6567 | D:7      | Found a bloodstained altar of Trog.
  6673 | D:7      | Noticed a troll
  6687 | D:7      | Killed a troll
  6981 | D:7      | Noticed Joseph
  7000 | D:7      | Killed Joseph
  7001 | D:7      | Reached skill level 15 in Axes
  7851 | D:8      | Found Idigiy's Weapon Emporium.
  8130 | D:8      | Reached **** piety under Trog
  8489 | D:9      | Found Faadett's Antique Armour Shop.
  8510 | D:9      | Bought a pair of runed gloves for 247 gold pieces
  8720 | D:9      | Noticed a manticore
  8727 | D:9      | Killed a manticore
  8731 | D:9      | Reached XP level 10. HP: 78/78 MP: 9/9
  9084 | D:10     | Entered Level 10 of the Dungeon
  9097 | D:10     | Found a staircase to the Lair.
  9259 | D:10     | Noticed a two-headed ogre
  9269 | D:10     | Killed a two-headed ogre
  9899 | D:11     | Noticed a manticore
  9909 | D:11     | Killed a manticore
 10073 | D:11     | Noticed a two-headed ogre
 10076 | D:11     | Killed a two-headed ogre
 10077 | D:11     | Reached XP level 11. HP: 83/83 MP: 10/10
 10106 | D:11     | Noticed Snorg
 10115 | D:11     | Killed Snorg
 10212 | D:11     | Noticed Nergalle
 10220 | D:11     | Killed Nergalle
 10296 | D:11     | Noticed Amaemon
 10305 | D:11     | Killed Amaemon
 10307 | D:11     | Reached skill level 5 in Fighting
 10611 | D:11     | Reached skill level 5 in Armour
 10703 | D:11     | Noticed an eight-headed hydra
 10710 | D:11     | Killed an eight-headed hydra
 11018 | D:12     | Noticed a boulder beetle
 11033 | D:12     | Killed a boulder beetle
 11214 | D:12     | Noticed Sonja
 11231 | D:12     | Reached XP level 12. HP: 52/103 MP: 11/11
 11421 | D:12     | Killed Sonja
 11669 | D:12     | Found a staircase to the Orcish Mines.
 11967 | D:12     | Reached skill level 10 in Fighting
 12013 | D:12     | Reached skill level 10 in Armour
 12226 | Lair:1   | Entered Level 1 of the Lair of Beasts
 12237 | Lair:1   | Noticed a five-headed hydra
 12246 | Lair:1   | Killed a five-headed hydra
 12778 | Lair:1   | Noticed a death yak
 12785 | Lair:1   | Noticed a death yak
 12787 | Lair:1   | Killed a death yak
 12787 | Lair:1   | Noticed a death yak
 12793 | Lair:1   | Killed a death yak
 12796 | Lair:1   | Killed a death yak
 12977 | Lair:1   | Noticed a four-headed hydra
 12986 | Lair:1   | Killed a four-headed hydra
 13046 | Lair:1   | Reached XP level 13. HP: 102/119 MP: 12/12
 13742 | Lair:2   | Reached ***** piety under Trog
 13965 | Lair:2   | Found a transporter.
 13965 | Lair:2   | Found the ring of Shadows {Umbra +Inv Stlth+}
 14097 | Lair:2   | Found a transporter.
 14269 | Lair:2   | Found a hole to the Spider Nest.
 14367 | Lair:2   | Found a staircase to the Shoals.
 15579 | Lair:4   | Noticed Kirke
 15591 | Lair:4   | Killed Kirke
 15690 | Lair:4   | Identified the amulet "Lyif" {Reflect rF+ SH+5}
 15792 | Lair:4   | Noticed Nessos
 15807 | Lair:4   | Killed Nessos
 15808 | Lair:4   | Reached skill level 15 in Fighting
 15938 | Lair:4   | Reached skill level 15 in Armour
 16166 | Lair:4   | Reached XP level 14. HP: 135/135 MP: 13/13
 16643 | Lair:5   | Entered Level 5 of the Lair of Beasts
 17022 | Lair:5   | Found a corrupted altar of Lugonu.
 17022 | Lair:5   | Found a one-way gate to the infinite horrors of the Abyss.
 17764 | Lair:5   | Found a staircase to the Slime Pits.
 17764 | Lair:5   | Found a viscous altar of Jiyva.
 18593 | D:4      | Noticed Natasha
 18597 | D:4      | Killed Natasha
 18904 | Orc:1    | Entered Level 1 of the Orcish Mines
 18904 | Orc:1    | Noticed Harold
 18907 | Orc:1    | Killed Harold
 19087 | D:9      | Bought a pair of glowing boots for 247 gold pieces
 19225 | Orc:1    | You are sucked into a shaft and drop 1 floor!
 19225 | Orc:2    | Entered Level 2 of the Orcish Mines
 19225 | Orc:2    | Found Nanutaig's Jewellery Emporium.
 19225 | Orc:2    | Found Nuypnah's General Store.
 19439 | Orc:2    | Bought a scroll of teleportation for 54 gold pieces
 19439 | Orc:2    | Bought a scroll of fear for 72 gold pieces
 19544 | Orc:2    | Noticed an orc warlord
 19558 | Orc:2    | Killed an orc warlord
 19794 | Orc:2    | Identified the +7 scimitar "Boujeasu" {pain, rC- rN+++
                  | Int-5 Dex+3}
 19925 | Orc:2    | Noticed an orc warlord
 19933 | Orc:2    | Reached XP level 15. HP: 127/149 MP: 14/14
 19937 | Orc:2    | Killed an orc warlord
 19995 | Orc:2    | Found Pes Leec's Antique Weapon Shoppe.
 20158 | Orc:2    | Found Goujiaho's Jewellery Shoppe.
 20747 | Orc:2    | Found Zeczium's Antique Armour Shoppe.
 20858 | Orc:2    | Found a staircase to the Elven Halls.
 20962 | Orc:2    | Bought a dazzling cloak for 266 gold pieces
 20962 | Orc:2    | Identified the +2 cloak of Indemnity {+Inv Int+3 SInv
                  | Stlth+} (You bought it in a shop on level 2 of the Orcish
                  | Mines)
 21263 | Orc:2    | Bought the amulet of Conflict {Reflect Harm Will- rCorr
                  | Str+10 SH+5} for 831 gold pieces
 21595 | D:13     | Found a runed translucent gate.
 21596 | D:13     | Noticed SirLogeyBear's ghost (journeyman HOBe)
 21597 | D:13     | Found a runed translucent gate.
 21598 | D:13     | Found a runed translucent gate.
 21656 | D:13     | You are sucked into a shaft and drop 2 floors!
 21656 | D:15     | Entered Level 15 of the Dungeon
 21677 | D:15     | Noticed Roxanne
 22293 | D:14     | Found a gate to the Vaults.
 23633 | D:15     | Received a gift from Trog
 24055 | D:15     | Noticed Rupert
 24061 | D:15     | Killed Rupert
 24235 | D:15     | Paralysed by an orc sorcerer for 5 turns
 24482 | D:15     | Found a staircase to the Depths.
 24819 | D:15     | Killed Roxanne
 25148 | Lair:2   | Reached XP level 16. HP: 151/162 MP: 15/15
 25225 | Lair:2   | Identified the +0 helmet of Amorality {-Tele Harm Str+8}
 25280 | Spider:1 | Entered Level 1 of the Spider Nest
 25351 | Spider:1 | Reached skill level 1 in Throwing
 25363 | Spider:1 | Received a gift from Trog
 25364 | Spider:1 | Reached skill level 1 in Evocations
 25716 | Spider:1 | Noticed Donald
 25723 | Spider:1 | Killed Donald
 25775 | Spider:1 | Noticed Aizul
 25780 | Spider:1 | Killed Aizul
 26521 | Spider:2 | Identified the +4 chain mail of Leapfrog {rC+ Int+2 Stlth-}
 26727 | Spider:2 | Received a gift from Trog
 27042 | Spider:2 | Noticed Arachne
 27055 | Spider:2 | Killed Arachne
 27056 | Spider:2 | Reached skill level 5 in Dodging
 28146 | Spider:3 | Identified the +3 ring mail of the Pit {rN++}
 28571 | Spider:4 | Entered Level 4 of the Spider Nest
 28751 | Spider:3 | HP: 2/247 [spark wasp[a torpor snail] (15)]
 28752 | Spider:3 | Mangled by a spark wasp

Illustrated notes

Levels and vault maps discovered:
D:1:      spicycebolla_arrival_xxxplode, layout_basic,
          shapermc_ecumenical_altar_flowoftime, serial_shops,
          nicolae_shop_trees, kennysheep_small_spiral
D:2:      layout_loops_corners, serial_forest, infiniplex_forest_straight_1,
          infiniplex_forest_end_1, infiniplex_forest_end_1,
          infiniplex_forest_lined_room_3, infiniplex_forest_clump_small,
          infiniplex_forest_zigzag_2, infiniplex_forest_straight_4,
          infiniplex_forest_straight_2, hex_medium, uniq_terence,
          uniq_crazy_yiuf_cottage
D:3:      layout_basic
D:4:      layout_loops_ring, minmay_strange_pillars, uniq_natasha
D:5:      layout_loops_corners, hangedman_minor_gate_pass
D:6:      layout_rooms, grunt_gozag_statues, mainiacjoe_overflow_alcove_1,
          minmay_temple_entry_drinking_statues, nicolae_sextant
D:7:      layout_loops_cross, grunt_temple_overflow_diamond,
          serial_co_window_serial, co_window_paths_b, co_window_paths_a,
          co_window_cross_1, co_window_paths_a, co_window_corner_a,
          co_window_of_opportunity_c, co_window_unsneaky_path_e,
          co_window_of_opportunity_b, glass_columns_a, glass_columns_b,
          glass_columns_a, glass_columns_c, uniq_joseph
D:8:      layout_cave_pools, serial_shops, nicolae_shop_statue_plus
D:9:      layout_stronghold, serial_shops, nicolae_shop_trees
D:10:     layout_long_grid, dpeg_oklobed_lair, st_stairs_3
D:11:     layout_irregular_city, uniq_nergalle, uniq_amaemon, uniq_snorg
D:12:     layout_big_octagon, david_orc_4, uniq_sonja
D:13:     cheibrodos_frozen_isle, layout_basic, gammafunk_ghost_split
D:14:     layout_stronghold, grunt_vaults_entry_tiered
D:15:     grunt_enter_depths_magical_seal, layout_irregular_city,
          ebering_dispersal_statue_hall, uniq_rupert, uniq_roxanne
Lair:1:   dreamdust_isle_of_ice, layout_regular_city, grunt_megastairs_5
Lair:2:   gammafunk_cloud_chamber, layout_regular_city,
          elwin_shoals_entry_rooms, spider_nest_entry_a, beast_lair_carwin_5
Lair:3:   layout_cellular_growth
Lair:4:   layout_regular_city, lightli_volcano_entry_magma_tube,
          lemuel_fruit_tree, serial_bayou_shore_b, grunt_megastairs_1,
          uniq_nessos, uniq_kirke
Lair:5:   hellmonk_lair_end_abyssal_woods, layout_long_grid, slime_entry_1
Spider:1: layout_spider_delve, portal_ice_cave_entry_ice_statue_one,
          guppyfry_hornet_nest, uniq_donald, uniq_aizul
Spider:2: layout_spider_delve, nicolae_spider_checkerboard, uniq_arachne
Spider:3: layout_spider_delve
Spider:4: spider_rune_water
Orc:1:    layout_caves, basic_altar, uniq_harold
Orc:2:    grunt_orc_gardens, layout_diamond_mine, grunt_orc_garden,
          grunt_orc_garden, grunt_orc_garden, grunt_orc_garden, serial_shops,
          nicolae_shop_crystal, elf_legates

Skill      XL: |  1  2  3  4  5  6  7  8  9 10 11 12 13 14 15 16 |
---------------+-------------------------------------------------+-----
Axes           | 4 5 6 8 9 11 14 16 19 20 | 20.7
Fighting       | 8 12 15 17 20 | 20.7
Armour         | 8 12 15 17 19 20 | 20.6
Throwing       | 3 |  3.2
Evocations     | 2 |  2.9
Dodging        | 6 |  6.2

Action                   |  1- 3 |  4- 6 |  7- 9 | 10-12 | 13-15 | 16-18 || total
-------------------------+-------+-------+-------+-------+-------+-------++-------
Melee: Hand axe          |    77 |    67 |       |       |       |       ||   144
       Headbutt          |    10 |    12 |    25 |    59 |   150 |    56 ||   312
       Punch             |     1 |     2 |       |       |       |       ||     3
       Battleaxe         |       |    48 |   146 |   243 |   593 |    27 ||  1057
       Morningstar       |       |       |       |    15 |     9 |       ||    24
       Great mace        |       |       |       |       |     3 |       ||     3
       Executioner's axe |       |       |       |       |       |   254 ||   254
 Fire: Sling             |       |       |     2 |       |       |       ||     2
Throw: Dart              |       |       |    20 |     2 |       |       ||    22
       Stone             |       |       |     8 |     2 |       |       ||    10
Invok: Berserk           |       |     4 |     4 |    12 |    18 |     4 ||    42
       Trog's Hand       |       |     1 |     5 |    14 |    22 |     6 ||    48
 Abil: Evoke Invisibilit |       |       |       |       |     1 |       ||     1
  Use: Scroll            |       |     7 |    11 |    13 |    10 |     3 ||    44
       Potion            |       |       |       |     5 |     1 |     4 ||    10
 Stab: Distracted        |       |       |       |     4 |    10 |     1 ||    15
Armor: Ring mail         |    19 |    21 |       |       |       |       ||    40
       Chain mail        |       |    21 |    67 |       |       |       ||    88
       Plate armour      |       |       |    13 |   143 |   313 |   261 ||   730
Dodge: Dodged            |    32 |    59 |    48 |    99 |   183 |   179 ||   600
Block: Other             |       |       |       |       |    71 |    68 ||   139
       Reflection        |       |       |       |       |    11 |       ||    11
